 Dungeon Sprint DCSS version 0.16-a0-3465-g53c7d0b (webtiles) character file.

1019 BluebellGnoll the Thaumaturge (level 8, -3/41 HPs)
             Began as a Deep Elf Fire Elementalist on Jan 2, 2015.
             Was a Believer of Vehumet.
             Slain by a shadow (9 damage)
             ... in the Dungeon (Sprint IX: "|||||||||||||||||||||||||||||").
             The game lasted 00:05:17 (598 turns).

BluebellGnoll the Thaumaturge (DEFE)                 Turns: 598, Time: 00:05:18

Health: -3/41      AC:  9    Str:  8    XL:     8   Next: 2%
Magic:  6/30       EV: 14    Int: 26    God:    Vehumet [**....]
Gold:   0          SH:  0    Dex: 15    Spells: 7 memorised, 11 levels left

rFire  . . .     SeeInvis .     p - +2 rapier "Orb Guardian's Regret" {drain, rElec rN+}
rCold  . . .     Clarity  .     s - +2 ring mail {rPois}
rNeg   + . .     SustAb   .     (no shield)
rPois  +         Gourm    .     (no helmet)
rElec  +         Spirit   .     r - +0 cloak
rCorr  .         Warding  .     q - +0 pair of gloves
rMut   .         NoTele   +     (no boots)
MR     .....                    (no amulet)
Stlth  ++++......               u - +3 ring of strength
                                t - +3 ring of intelligence

@: not resistant to hostile enchantments, stealthy
A: no striking features
a: Renounce Religion


You were in the Dungeon.
You worshipped Vehumet.
Vehumet was pleased with you.
You were not hungry.

You visited 1 branch

Inventory:

Hand weapons
 f - a +0 shortbow
 p - the +2 rapier "Orb Guardian's Regret" (weapon) {drain, rElec rN+}
   (You found it in the Dungeon)

   A truly terrible weapon, it drains the life of those it strikes.
   It insulates you from electricity.
   It protects you from negative energy.
Missiles
 h - 27 arrows
Armour
 a - a +0 robe
 q - a +0 pair of gloves (worn)
 r - a +0 cloak (worn)
 s - a +2 ring mail of poison resistance (worn)
Magical staves
 o - an uncursed staff of energy
Jewellery
 t - a +3 ring of intelligence (left hand)
 u - a +3 ring of strength (right hand)
Magical devices
 n - a wand of draining (6)
Scrolls
 i - 2 scrolls of blinking
 l - 3 scrolls of remove curse
 m - 2 scrolls of amnesia
Potions
 d - 5 potions of curing
 e - 2 potions of heal wounds
 g - 4 potions of magic
 k - a potion of invisibility
Books
 b - a book of Flames

   Spells                             Type                      Level
   a - Flame Tongue                   Conjuration/Fire             1
   b - Throw Flame                    Conjuration/Fire             2
   c - Conjure Flame                  Conjuration/Fire             3
   d - Inner Flame                    Hexes/Fire                   3
   e - Sticky Flame                   Conjuration/Fire             4
   f - Fireball                       Conjuration/Fire             5
Comestibles
 c - a bread ration
 j - 2 chunks of flesh


   Skills:
 + Level 8.2 Dodging
 * Level 9.3 Stealth
 - Level 11.6 Spellcasting
 - Level 7.0 Conjurations
 - Level 11.3 Fire Magic


You had 11 spell levels left.
You knew the following spells:

 Your Spells              Type           Power        Failure   Level  Hunger
a - Flame Tongue          Conj/Fire      #####        1%          1    None
b - Throw Flame           Conj/Fire      ######       1%          2    None
c - Conjure Flame         Conj/Fire      ######..     1%          3    None
d - Inner Flame           Hex/Fire       #####...     2%          3    None
e - Sticky Flame          Conj/Fire      ######..     1%          4    None
f - Fireball              Conj/Fire      ######....   8%          5    ###....
g - Shock                 Conj/Air       ####         2%          1    None


Dungeon Overview and Level Annotations

Branches:
Dungeon (1/1)

Altars:
Cheibriados
Dithmenos
Elyvilon
Fedhas
Gozag
Kikubaaqudgha
Makhleb
Nemelex Xobeh
Okawaru
Qazlal
Ru
Sif Muna
Trog
Vehumet
Xom
Yredelemnul
Zin
The Shining One
Beogh
Jiyva
Lugonu


Message History

Things that are here:
a giant club; 4 poisonous chunks of flesh
Casting: Sticky Flame
Confirm with . or Enter, or press ? or * to list all spells.
Aiming: Throw Flame
Press: ? - help, Shift-Dir - straight line, f - bat zombie
Aim: a bat zombie The puff of flame hits something.
Casting: Throw Flame
Confirm with . or Enter, or press ? or * to list all spells.
Aiming: Fireball
Press: ? - help, Shift-Dir - straight line, f/p - bat zombie
Aim: a bat zombie The fireball explodes!
The fireball engulfs something.
The fireball engulfs the bat zombie.
You destroy the bat zombie!
Vehumet accepts your kill.
You feel your power returning.
The shadow strikes at you from the darkness!
You die... ▓▓▓▓▓▓▓▓▓▓▓▓▓▓▓▓▓▓▓▓▓▓▓▓▓▓▓▓▓ +......)....@)'.....)...'____ ▓▓▓▓▓▓▓▓▓▓▓▓▓▓▓▓▓▓▓▓▓▓▓▓▓▓▓▓▓

There were no monsters in sight!

Vanquished Creatures
  A gargoyle (D)
  A deep elf mage (D)
  A hippogriff (D)
  A wyvern (D)
  An orc warrior (D)
  A centaur (D)
  An ogre (D)
  A giant frog (D)
  A goliath beetle (D)
  An adder zombie (D)
  3 bats (D)
  A bat zombie (D)
  A giant cockroach (D)
  2 goblins (D)
  A hobgoblin (D)
  A quokka zombie (D)
  A rat (D)
20 creatures vanquished.

Notes
Turn   | Place    | Note
--------------------------------------------------------------
     0 | D        | BluebellGnoll, the Deep Elf Fire Elementalist, began the quest for the Orb.
     0 | D        | Reached XP level 1. HP: 10/10 MP: 5/5
     8 | D        | Reached skill level 4 in Spellcasting
    28 | D        | Reached skill level 5 in Spellcasting
   184 | D        | Noticed a centaur
   194 | D        | Reached skill level 6 in Spellcasting
   194 | D        | Reached XP level 2. HP: 15/15 MP: 9/12
   198 | D        | Killed a centaur
   198 | D        | Reached skill level 11 in Spellcasting
   198 | D        | Reached XP level 3. HP: 12/19 MP: 11/21
   198 | D        | Reached XP level 4. HP: 15/24 MP: 12/23
   215 | D        | Found a glowing silver altar of Zin.
   215 | D        | Found a glowing golden altar of the Shining One.
   215 | D        | Found an ancient bone altar of Kikubaaqudgha.
   215 | D        | Found a basalt altar of Yredelemnul.
   215 | D        | Found a shimmering altar of Xom.
   215 | D        | Found a radiant altar of Vehumet.
   215 | D        | Found an iron altar of Okawaru.
   216 | D        | Found a burning altar of Makhleb.
   217 | D        | Found a deep blue altar of Sif Muna.
   218 | D        | Found a bloodstained altar of Trog.
   219 | D        | Found a sparkling altar of Nemelex Xobeh.
   220 | D        | Found a white marble altar of Elyvilon.
   221 | D        | Found a roughly hewn altar of Beogh.
   222 | D        | Found a viscous altar of Jiyva.
   223 | D        | Became a worshipper of Vehumet
   224 | D        | Found a corrupted altar of Lugonu.
   225 | D        | Found a blossoming altar of Fedhas.
   226 | D        | Found a snail-covered altar of Cheibriados.
   227 | D        | Found a shadowy altar of Dithmenos.
   228 | D        | Found a stormy altar of Qazlal.
   229 | D        | Found an opulent altar of Gozag.
   230 | D        | Found a sacrificial altar of Ru.
   249 | D        | Got the +2 rapier "Orb Guardian's Regret" {drain, rElec rN+}
   276 | D        | Learned a level 2 spell: Throw Flame
   280 | D        | Learned a level 3 spell: Conjure Flame
   284 | D        | Learned a level 3 spell: Inner Flame
   289 | D        | Learned a level 4 spell: Sticky Flame
   386 | D        | Noticed an ogre
   386 | D        | Noticed an orc warrior
   386 | D        | Noticed a hippogriff
   386 | D        | Noticed a goliath beetle
   386 | D        | Noticed a giant frog
   392 | D        | Killed a giant frog
   392 | D        | Reached XP level 5. HP: 28/28 MP: 13/25
   392 | D        | Killed a goliath beetle
   395 | D        | Acquired Vehumet's first power
   395 | D        | Offered knowledge of Shock by Vehumet.
   398 | D        | Learned a level 1 spell: Shock
   459 | D        | Killed a hippogriff
   459 | D        | Reached skill level 5 in Conjurations
   459 | D        | Reached XP level 6. HP: 20/32 MP: 19/27
   469 | D        | Killed an ogre
   469 | D        | Reached skill level 10 in Fire Magic
   472 | D        | Killed an orc warrior
   472 | D        | Offered knowledge of Sandblast by Vehumet.
   575 | D        | Learned a level 5 spell: Fireball
   585 | D        | Noticed a shadow
   585 | D        | Noticed a wyvern
   585 | D        | Noticed a deep elf mage
   585 | D        | Noticed a gargoyle
   590 | D        | Killed a gargoyle
   590 | D        | Reached XP level 7. HP: 13/36 MP: 17/29
   591 | D        | Killed a deep elf mage
   596 | D        | Killed a wyvern
   596 | D        | Reached XP level 8. HP: 6/41 MP: 12/30
   598 | D        | Slain by a shadow

Action                   |  1- 3 |  4- 6 |  7- 9 || total
-------------------------+-------+-------+-------++-------
Melee: Unarmed           |    30 |     6 |       ||    36
       Rapier            |       |     1 |       ||     1
 Cast: Flame Tongue      |     7 |     9 |       ||    16
       Inner Flame       |       |     2 |       ||     2
       Conjure Flame     |       |     2 |       ||     2
       Sticky Flame      |       |     4 |     2 ||     6
       Shock             |       |     7 |       ||     7
       Fireball          |       |       |     1 ||     1
       Throw Flame       |       |       |     1 ||     1
Evoke: Wand              |       |     1 |       ||     1
  Use: Potion            |     2 |     1 |       ||     3
